 Dungeon Crawl Stone Soup version 0.25.1-1-g288607f5aa (webtiles) character file.

Game seed: 6419567214756479781

65 Descartes the Sneak (level 3, 0/14 HPs)
             Began as a Felid Enchanter on July 23, 2020.
             Killed by divine providence
             ... invoked by an orc priest
              (14 damage)
             ... on level 3 of the Dungeon.
             The game lasted 00:08:00 (5956 turns).

Descartes the Sneak (Felid Enchanter)               Turns: 5956, Time: 00:08:01

Health: 0/14       AC:  1    Str:  5    XL:     3   Next: 92%
Magic:  7/7        EV: 21    Int: 16    God:
Gold:   135        SH:  0    Dex: 16    Spells: 2/6 levels left
                                        Lives:  0   Deaths: 1

rFire    . . .     SeeInvis +     - Unarmed
rCold    . . .     Gourm    .   (shield unavailable)
rNeg     . . .     Faith    .   (armour unavailable)
rPois    .         Spirit   .   (helmet unavailable)
rElec    .         Reflect  .   (cloak unavailable)
rCorr    .         Harm     .   (gloves unavailable)
MR       .....                  (boots unavailable)
Stlth    ++++......             (no amulet)
HPRegen  0.04/turn              (no ring)
MPRegen  0.10/turn              (no ring)

@: quick
A: very small, no armour, no weapons or thrown items, stealth, claws 1, fangs 3,
see invisible, carnivore, speed 1, shaggy fur 1, slow metabolism 1, sharp paws
a: no special abilities


You were on level 3 of the Dungeon.
You were very full.

You visited 1 branch of the dungeon, and saw 3 of its levels.

You collected 135 gold pieces.

Inventory:

Missiles
 f - 81 arrows
 j - 103 stones
Scrolls
 c - a scroll of enchant armour {unknown}
 d - a scroll of blinking {unknown}
 g - 2 scrolls of identify {unknown}
 k - 3 scrolls of remove curse {unknown}
 m - 4 scrolls of teleportation {unknown}
 o - a scroll of enchant weapon {unknown}
 r - a scroll of immolation {unknown}
Potions
 a - a potion of might {unknown}
 e - a potion of haste
 h - 2 potions of berserk rage {unknown}
 i - a potion of lignification {unknown}
 l - a potion of curing {unknown}
 n - 3 potions of stabbing {unknown}
 p - a potion of ambrosia {unknown}
 q - a potion of invisibility {unknown}
Comestibles
 b - 7 rations


   Skills:
 + Level 5.4 Dodging
 - Level 6.0 Stealth
 - Level 1.0 Unarmed Combat
 - Level 2.0 Spellcasting
 - Level 4.4 Hexes


You had 2 spell levels left.
You knew the following spells:

 Your Spells              Type           Power        Failure   Level  Hunger
a - Corona                Hex            ###....      3%          1    #......
b - Confusing Touch       Hex            ###.....     11%         3    ###....

Your spell library contained the following spells:

 Spells                   Type           Power        Failure   Level  Hunger
 Ensorcelled Hibernation  Hex/Ice        #.....       13%         2    ###....
 Tukima's Dance           Hex            ###.....     11%         3    ###....
 Dazzling Flash           Conj/Hex       #.....       26%         3    ###....


Dungeon Overview and Level Annotations

Branches:
Dungeon (3/15)

Altars:
Makhleb

Annotations:
D:2 Sigmund


Innate Abilities, Weirdness & Mutations

You cannot wear armour.
You are incapable of wielding weapons or throwing items.
Your paws allow you to move quietly. (Stealth)
You have sharp claws.
You have razor-sharp teeth.
You have supernaturally acute eyesight. (SInv)
You are carnivorous and can eat meat at any time.
You cover ground quickly.
You are covered in fur. (AC +1)
You have a slow metabolism.
Your sharp claws are effective at attacking unaware monsters.


Message History

You scratch the dart slug but do no damage.
The dart slug closely misses you.
You scratch the dart slug but do no damage.
You scratch the dart slug.
The dart slug is heavily wounded.
The dart slug misses you.
You scratch the dart slug.
You kill the dart slug!
No target in view!
No target in view!
You butcher the dart slug corpse.
s - a chunk of flesh Eating a chunk of flesh.
You eat the chunk of flesh.
This raw flesh tastes great.
You see here a +0 short sword.
The orc priest is too close now for your liking.
The orc priest invokes the aid of Beogh against you.
Beogh smites you!
Ouch! That really hurt!
You die...

##....<.####..# #.#
###...## ##.### #.#
#....#####...###.#
##.##....####..##.#
#..#####.## ##.##.#
#.## #..####..#.#
#.# ##...###.#.#
#.# ###.###o..#
##.# #).)@##.###
##..# ####.##...#
#..##### #..#(#.#
.........
#######.#.#.###..
#.#######
.........)...o...
#...
.................
#####
######......###..
#!.....# #......#


You could see an orc priest.

Vanquished Creatures
  A crimson imp (D:3)
  2 adders
  An ooze (D:1)
  2 dart slugs (D:3)
  A leopard gecko (D:3)
  5 orcs
  A ball python (D:1)
  3 bats
  7 giant cockroaches
  8 goblins
  5 hobgoblins
  2 quokkas
  4 frilled lizards
  5 kobolds
  9 rats
56 creatures vanquished.

Notes
Turn   | Place    | Note
-------+----------+-------------------------------------------
     0 | D:1      | Descartes the Felid Enchanter began the quest for the Orb.
     0 | D:1      | Reached XP level 1. HP: 7/7 MP: 4/4
   388 | D:1      | Reached skill level 5 in Stealth
   388 | D:1      | Reached XP level 2. HP: 6/11 MP: 6/6
  1425 | D:1      | Reached XP level 3. HP: 14/14 MP: 7/7
  1751 | D:1      | Reached skill level 6 in Stealth
  1987 | D:2      | Noticed Sigmund
  4157 | D:2      | Found a burning altar of Makhleb.
  4168 | D:2      | Learned a level 3 spell: Confusing Touch
  4740 | D:3      | Reached XP level 4. HP: 13/18 MP: 8/8
  5009 | D:3      | Reached skill level 5 in Dodging
  5143 | D:3      | Slain by an orc
  5144 | D:3      | Reached XP level 3. HP: 0/14 MP: 7/7
  5956 | D:3      | Killed from afar by an orc priest

Illustrated notes

Levels and vault maps discovered:
D:1:      shiori_arrival_maze, layout_loops_ring, minmay_pentomino_q4
D:2:      layout_basic, lemuel_crystal_altar, serial_rivers,
          chequers_serial_rivers_marsh, chequers_serial_rivers_micro_d,
          chequers_serial_rivers_micro_c, chequers_serial_rivers_small_3,
          chequers_serial_rivers_micro_e, chequers_serial_rivers_large_a,
          first_ration, supply_closet_lemuel, uniq_sigmund
D:3:      layout_rooms

Skill      XL: |  1  2  3  4 |
---------------+-------------+-----
Stealth        | 5 6 |  6.0
Dodging        | 4 5 |  5.4
Unarmed Combat | |  1.0
Spellcasting   | |  2.0
Hexes          | |  4.4

Action                   |  1- 3 |  4- 6 || total
-------------------------+-------+-------++-------
Melee: Unarmed           |   209 |    34 ||   243
       Bite              |    12 |     3 ||    15
 Cast: Confusing Touch   |     1 |       ||     1
  Use: Potion            |     3 |       ||     3
 Stab: Sleeping          |    22 |     2 ||    24
       Distracted        |     1 |       ||     1
  Eat: Chunk             |    20 |       ||    20
Armor: Skin              |     9 |       ||     9
Dodge: Dodged            |   146 |    19 ||   165
